 Dungeon Crawl Stone Soup version 0.22.1-2-g9c5b331 (webtiles) character file.

581 Lilu the Covered (level 7, -2/42 HPs)
             Began as a Deep Elf Fighter on Nov 27, 2018.
             Was an Initiate of Makhleb.
             Slain by an ogre
             ... wielding a +0 giant club
              (12 damage)
             ... on level 4 of the Dungeon.
             The game lasted 00:26:24 (6109 turns).

Lilu the Covered (Deep Elf Fighter)                 Turns: 6109, Time: 00:26:25

Health: -2/42      AC: 11    Str: 15    XL:     7   Next: 13%
Magic:  9/9        EV:  4    Int: 13    God:    Makhleb [......]
Gold:   192        SH: 10    Dex: 14    Spells: 6/6 levels left

rFire    . . .     SeeInvis +   a - +0 long sword
rCold    . . .     Gourm    .   c - +1 shield
rNeg     . . .     Faith    .   j - +0 chain mail
rPois    .         Spirit   .   (no helmet)
rElec    .         Reflect  .   t - +0 cloak
rCorr    .         Harm     .   k - +0 pair of gloves
MR       .....                  (no boots)
Stlth    ..........             (no amulet)
HPRegen  0.14/turn              q - ring of see invisible
MPRegen  0.11/turn              (no ring)

@: no status effects
A: no striking features
a: Renounce Religion


You were on level 4 of the Dungeon.
You worshipped Makhleb.
Makhleb was noncommittal.
You were hungry.

You visited 1 branch of the dungeon, and saw 4 of its levels.

You collected 192 gold pieces.

Inventory:

Hand Weapons
 a - a +0 long sword (weapon)
 l - a +3 hunting sling
 w - a +0 falchion
Missiles
 g - 63 stones (quivered)
 n - 14 sling bullets
 u - 97 arrows
Armour
 b - a +0 scale mail
 c - a +1 shield (worn)
 j - a +0 chain mail (worn)
 k - a +0 pair of gloves (worn)
 t - a +0 cloak (worn)
Jewellery
 q - a ring of see invisible (left hand)
Scrolls
 i - a scroll of blinking
 o - a scroll of enchant armour
 y - 3 scrolls of identify
Potions
 d - 2 potions of might
 e - a potion of heal wounds {unknown}
 h - a potion of brilliance {unknown}
 m - a potion of agility
 p - 2 potions of ambrosia {unknown}
 r - 2 potions of mutation {unknown}
 v - a potion of haste {unknown}
Comestibles
 f - 3 rations


   Skills:
 + Level 3.9 Fighting
 + Level 3.8 Long Blades
 + Level 4.0 Armour
 - Level 1.1 Dodging
 + Level 3.9 Shields


You had 6 spell levels left.
You didn't know any spells.
Your spell library was empty.

Dungeon Overview and Level Annotations

Branches:
Dungeon (4/15)
 Temple: D:4-7

Altars:
Fedhas
Hepliaklqana
Makhleb
Nemelex Xobeh
Vehumet

Annotations:
D:3 Grinder
D:4 Robin


Message History

You see here a club.
Things that are here:
a club; a dagger You see here a dagger.
A goblin comes into view. It is wielding a club.
A goblin comes into view. It is wielding a club.
The goblin shouts!
Robin of the Strong Arm comes into view.
She is wielding a club.
A goblin comes into view. It is wielding a club.
The goblin shouts!
You hear a shout!
Robin roars a battlecry!
The goblins go into a battle-frenzy!
A goblin comes into view.
The goblin hits you but does no damage. Robin throws the goblin at you!
The goblin hits you but does no damage. You block the ogre's attack.
The goblin barely misses you. Robin throws the goblin at you!
* * * LOW HITPOINT WARNING * * *
The goblin hits you but does no damage. The ogre hits you with a giant club!
You die...

.......###...#..# ##...#
##..*** .#####.........##
#<..# #..#* * ## ##........#
#.(.# #..# # ##..######
##..###..# ### ##..## ###
#..)##..# ..####...#
##.#####....#..# ........##
#..g..###......# #########
#.gg..##.......#
#.@Og.##.#.....# ## #######
#.o...##.......# .###.))).##
##...g.##.###...#
....#####.####......##.#?#..##
.#### ##.....###...#.###..# ##
##..### ##........## ## ####
*....###(## .### ##### *#..##
#..# ...######...###########
##.#


You could see an ogre, Robin, an orc and 4 goblins.

Vanquished Creatures
  An ogre (D:4)
  2 scorpions (D:4)
  2 howler monkeys (D:4)
  3 hounds
  Jessica (D:3)
  2 worker ants (D:4)
  2 orc wizards (D:4)
  A hound skeleton (D:4)
  3 adders (D:2)
  An ooze (D:3)
  A worm (D:3)
  2 dart slugs
  A leopard gecko (D:4)
  2 orcs
  6 bats
  6 giant cockroaches
  9 goblins
  6 hobgoblins
  3 jackals (D:1)
  5 kobolds
  A quokka (D:3)
  4 frilled lizards
  7 rats
71 creatures vanquished.

Notes
Turn   | Place    | Note
-------+----------+-------------------------------------------
     0 | D:1      | Lilu the Deep Elf Fighter began the quest for the Orb.
     0 | D:1      | Reached XP level 1. HP: 13/13 MP: 3/3
   470 | D:1      | Reached XP level 2. HP: 18/18 MP: 4/4
  1351 | D:2      | Reached XP level 3. HP: 22/22 MP: 5/5
  2242 | D:2      | Found a burning altar of Makhleb.
  2242 | D:2      | Noticed a blizzard demon
  2245 | D:2      | Noticed an orange demon
  2245 | D:2      | Noticed a smoke demon
  2247 | D:2      | Became a worshipper of Makhleb the Destroyer
  2350 | D:3      | Reached XP level 4. HP: 27/27 MP: 6/6
  2381 | D:3      | Noticed Jessica
  2391 | D:3      | Killed Jessica
  2391 | D:3      | Reached skill level 3 in Armour
  2608 | D:3      | Noticed Grinder
  2633 | D:3      | Paralysed by Grinder for 4 turns
  2786 | D:3      | Reached skill level 1 in Dodging
  2901 | D:3      | Paralysed by Grinder for 2 turns
  2918 | D:3      | Paralysed by Grinder for 7 turns
  2927 | D:3      | Paralysed by Grinder for 5 turns
  3053 | D:3      | Reached XP level 5. HP: 32/32 MP: 7/7
  3837 | D:4      | Found a blossoming altar of Fedhas.
  3845 | D:4      | Found a radiant altar of Vehumet.
  3848 | D:4      | Found a hazy altar of Hepliaklqana.
  3851 | D:4      | Found a sparkling altar of Nemelex Xobeh.
  4361 | D:4      | Reached XP level 6. HP: 28/37 MP: 8/8
  4384 | D:4      | HP: 1/37 [orc wizard/puff of flame (8)]
  5240 | D:4      | Reached XP level 7. HP: 42/42 MP: 9/9
  5773 | D:4      | Reached skill level 4 in Armour
  6103 | D:4      | Noticed Robin
  6109 | D:4      | Slain by an ogre

Skill      XL: |  1  2  3  4  5  6  7 |
---------------+----------------------+-----
Long Blades    | 2 3 |  3.8
Fighting       | 3 |  3.9
Armour         | 3 4 |  4.0
Shields        | 3 |  3.9
Dodging        | 1 |  1.1

Action                   |  1- 3 |  4- 6 |  7- 9 || total
-------------------------+-------+-------+-------++-------
Melee: Long sword        |    78 |       |     5 ||    83
       Hunting sling     |       |     7 |       ||     7
       Falchion          |       |       |    26 ||    26
 Fire: Hunting sling     |    48 |   272 |    40 ||   360
Throw: Stone             |     4 |       |       ||     4
  Use: Scroll            |     5 |     4 |     1 ||    10
       Potion            |     1 |     3 |       ||     4
  Eat: Chunk             |     4 |     7 |     1 ||    12
       Ration            |       |     1 |       ||     1
Armor: Scale mail        |    53 |    74 |    15 ||   142
       Skin              |       |    12 |       ||    12
       Chain mail        |       |       |     4 ||     4
Dodge: Dodged            |    26 |    44 |    21 ||    91
Block: Shield            |    52 |    85 |    37 ||   174
       Rpst.: Long sword |     7 |       |     2 ||     9
       Falchion          |       |       |     4 ||     4
